 Dungeon Crawl Stone Soup version 0.26-a0-651-gb41185065b (webtiles) character file.

Game seed: 8455675731627592417

277 miket3c the Chopper (level 6, -1/56 HPs)
             Began as a Minotaur Berserker on Sept 30, 2020.
             Was a Priest of Trog.
             Slain by an ogre
             ... wielding a +0 giant club
              (16 damage)
             ... on level 4 of the Dungeon.
             The game lasted 00:06:44 (3043 turns).

miket3c the Chopper (Minotaur Berserker)            Turns: 3043, Time: 00:06:44

Health: -1/56      AC: 12    Str: 23    XL:     6   Next: 4%
Magic:  5/5        EV:  7    Int:  4    God:    Trog [***...]
Gold:   262        SH:  5    Dex: 10    Spells: 5/5 levels left

rFire    . . .     SeeInvis .   a - +0 hand axe
rCold    . . .     Faith    .   (no shield)
rNeg     . . .     Spirit   .   v - +0 plate armour
rPois    .         Reflect  +   (helmet restricted)
rElec    .         Harm     .   (no cloak)
rCorr    .         Rampage  .   i - +0 pair of gloves
MR       .....                  (no boots)
Stlth    ..........             x - amulet of reflection
HPRegen  0.18/turn              (no ring)
MPRegen  0.09/turn              (no ring)

@: no status effects
A: retaliatory headbutt, horns 2
a: Berserk, Trog's Hand, Renounce Religion


You were on level 4 of the Dungeon.
You worshipped Trog.
Trog was most pleased with you.
You visited 1 branch of the dungeon, and saw 4 of its levels.

You collected 262 gold pieces.

Inventory:

Hand Weapons
 a - a +0 hand axe (weapon)
Missiles
 u - 14 stones (quivered)
Armour
 b - a +0 animal skin
 e - a +0 leather armour
 i - a +0 pair of gloves (worn)
 v - a +0 plate armour (worn)
Jewellery
 l - an uncursed ring of flight
 q - an uncursed ring of fire
 x - an amulet of reflection (around neck)
Scrolls
 c - 2 scrolls of magic mapping
 d - a scroll of enchant armour {unknown}
 f - 3 scrolls of teleportation
 g - a scroll of remove curse
 h - a scroll of fear {unknown}
 m - a scroll of random uselessness
 p - a scroll of enchant weapon {unknown}
 r - a scroll of noise {unknown}
 s - a scroll of blinking {unknown}
Potions
 j - a potion of invisibility {unknown}
 k - a potion of brilliance {unknown}
 n - a potion of lignification {unknown}
 o - a potion of curing {unknown}
 t - a potion of flight {unknown}
 w - a potion of mutation {unknown}


   Skills:
 * Level 5.1 Fighting
 * Level 6.1 Axes
 + Level 3.4 Armour
 + Level 3.3 Dodging
 - Level 0.5 Stealth


You had 5 spell levels left.
You didn't know any spells.
Your spell library was empty.

Dungeon Overview and Level Annotations

Branches:
Dungeon (4/15)
 Temple: D:4-7

Altars:


Innate Abilities, Weirdness & Mutations

You reflexively headbutt those who attack you in melee.
You have a pair of horns on your head.


Message History

Found 23 sling bullets.
An ogre comes into view. It is wielding a +0 giant club.
The ogre shouts!
You see here a scroll labeled TUWKINICORGH.
You slash the ogre!
The ogre is moderately wounded.
You block the ogre's attack.
You hit the ogre.
The ogre is severely wounded.
The ogre hits you with a +0 giant club!!
You hit the ogre but do no damage.
The ogre is severely wounded.
The ogre hits you with a +0 giant club!
* * * LOW HITPOINT WARNING * * *
You are too injured to fight recklessly!
You are too injured to fight recklessly!
You hit the ogre.
The ogre is almost dead.
The ogre hits you with a +0 giant club!
You die...

###### ##### #.....
#...# #..... #...#
#..... #...#
##..... #...#
......O## #####...#
#.....@####.......#
#..(....#...###<..#
#####..[..### #...#
#..##.## #.(.# #.#
#.. ##.## ... ##..
#.# #### #.# #.# .#
#.# .. ##.#


You could see an ogre.

Vanquished Creatures
  A centaur (D:3)
  A bullfrog skeleton (D:4)
  9 adders
  An ooze (D:2)
  3 worms
  2 dart slugs
  5 orcs (D:3)
  7 bats
  4 giant cockroaches
  11 goblins
  4 hobgoblins
  3 jackals (D:1)
  9 kobolds
  2 quokkas
  A ball python (D:3)
  3 frilled lizards
  10 rats
76 creatures vanquished.

Notes
Turn   | Place    | Note
-------+----------+-------------------------------------------
     0 | D:1      | miket3c the Minotaur Berserker began the quest for the Orb.
     0 | D:1      | Reached XP level 1. HP: 19/19 MP: 0/0
   154 | D:1      | Reached XP level 2. HP: 27/27 MP: 1/1
   155 | D:1      | Reached skill level 4 in Axes
   329 | D:1      | HP: 1/27 [poisoned by a goblin]
   889 | D:1      | Reached XP level 3. HP: 30/34 MP: 2/2
  1248 | D:2      | Reached ** piety under Trog
  1473 | D:2      | Reached XP level 4. HP: 39/41 MP: 3/3
  1499 | D:2      | Reached skill level 5 in Axes
  2072 | D:3      | Reached XP level 5. HP: 47/47 MP: 4/4
  2267 | D:3      | Reached *** piety under Trog
  2577 | D:3      | Noticed a centaur
  2585 | D:3      | Killed a centaur
  2585 | D:3      | Reached skill level 5 in Fighting
  2585 | D:3      | Reached skill level 6 in Axes
  3025 | D:4      | Reached XP level 6. HP: 56/56 MP: 5/5
  3043 | D:4      | Slain by an ogre

Illustrated notes

Levels and vault maps discovered:
D:1:      wander_arrival_lonely_grave, layout_basic
D:2:      layout_rooms, minmay_pentomino_pile
D:3:      layout_basic
D:4:      layout_rooms, gup_sewer_entry_spiral, minmay_manual_mess,
          uniq_sigmund, uniq_edmund, uniq_natasha

Skill      XL: |  1  2  3  4  5 |
---------------+----------------+-----
Axes           | 4 5 6 |  6.1
Fighting       | 4 5 |  5.1
Dodging        | 3 |  3.3
Armour         | 3 |  3.4
Stealth        | |  0.5

Action                   |  1- 3 |  4- 6 || total
-------------------------+-------+-------++-------
Melee: Hand axe          |    72 |    71 ||   143
       Headbutt          |    10 |    15 ||    25
  Use: Scroll            |       |     4 ||     4
Armor: Leather armour    |    13 |    16 ||    29
       Plate armour      |       |    16 ||    16
Dodge: Dodged            |    59 |    22 ||    81
Block: Other             |       |     1 ||     1

Table legend: (Time is in decaauts)
 A = Elapsed time spent in this place.
 B = Non-inter-level travel time spent in this place.
 C = Inter-level travel time spent in this place.
 D = Time resting spent in this place.
 E = Time spent auto-exploring this place.
 F = Levels seen in this place.
 G = Mean time per level.
                   A        B        C        D        E       F      G
               +--------+--------+--------+--------+--------+-----+--------+
         Total |   3048 |   3031 |     17 |    816 |   1778 |   4 |  762.0 |
       Dungeon |   3048 |   3031 |     17 |    816 |   1778 |   4 |  762.0 |
               +--------+--------+--------+--------+--------+-----+--------+

Top non-repeatable levels by time:
     D:1: 1250 daAuts
     D:3: 955 daAuts
     D:2: 813 daAuts
     D:4: 29 daAuts
